 Dungeon Crawl Stone Soup version 0.25.1-2-g60ff931df9 (webtiles) character file.

Game seed: 8851113306286560848

7914 nicanaca0 the Cleaver (level 11, -6/101 HPs)
             Began as a Minotaur Berserker on Oct 30, 2020.
             Was an Elder of Trog.
             Mangled by an orc warrior
             ... wielding a +6 trident
              (12 damage)
             ... on level 9 of the Dungeon.
             The game lasted 00:13:17 (9328 turns).

nicanaca0 the Cleaver (Minotaur Berserker)          Turns: 9328, Time: 00:13:18

Health: -6/101     AC: 11    Str: 26    XL:     11   Next: 3%
Magic:  10/10      EV:  8    Int:  6    God:    Trog [****..]
Gold:   597        SH:  8    Dex: 10    Spells: 10/10 levels left

rFire    + . .     SeeInvis +   a - +2 war axe (flame)
rCold    + . .     Gourm    .   D - +0 kite shield {rN+}
rNeg     + . .     Faith    .   g - +0 swamp dragon scales
rPois    +         Spirit   .   (helmet restricted)
rElec    .         Reflect  .   x - scarf {rC+ rF+}
rCorr    .         Harm     .   p - +0 pair of gloves {Str+3}
MR       +++..                  (no boots)
Stlth    ..........             (no amulet)
HPRegen  1.26/turn              q - ring of protection from magic
MPRegen  0.12/turn              A - ring of see invisible

@: starving, regenerating (expiring)
A: retaliatory headbutt, horns 2
a: Berserk, Trog's Hand, Brothers in Arms, Renounce Religion


You were on level 9 of the Dungeon.
You worshipped Trog.
Trog was greatly pleased with you.
You were starving.

You visited 1 branch of the dungeon, and saw 9 of its levels.

You collected 597 gold pieces.

Inventory:

Hand Weapons
 a - a +2 war axe of flaming (weapon)
Missiles
 l - 22 poisoned darts (quivered)
 t - a throwing net
Armour
 g - +0 swamp dragon scales (worn)
 p - a +0 pair of gloves of strength (worn)
 u - a +1 chain mail
 x - a scarf of resistance (worn)
 D - a +0 kite shield of positive energy (worn)
 E - a +2 cloak of poison resistance
Jewellery
 q - a ring of protection from magic (left hand)
 r - a +6 ring of intelligence
 y - an uncursed ring of poison resistance
 A - a ring of see invisible (right hand)
 C - an uncursed ring of stealth
 G - a +6 ring of dexterity
Wands
 b - a wand of flame (53)
 w - a wand of enslavement (12)
Scrolls
 e - a scroll of enchant armour
 f - 6 scrolls of remove curse {@r2}
 h - 3 scrolls of magic mapping
 k - 2 scrolls of enchant weapon
 m - 2 scrolls of teleportation
 B - a scroll of immolation {unknown}
 F - a scroll of random uselessness {unknown}
 I - 2 scrolls of fog
 J - a scroll of blinking
 L - a scroll of identify {@r1}
Potions
 d - a potion of stabbing
 i - 5 potions of curing {@q1}
 j - 2 potions of brilliance
 n - a potion of might
 o - 5 potions of degeneration
 s - a potion of mutation
 v - a potion of lignification
 z - a potion of ambrosia
 K - a potion of flight
Comestibles
 c - 18 rations


   Skills:
 + Level 10.3 Fighting
 * Level 14.7 Axes
 + Level 10.0 Armour
 - Level 2.1 Dodging


You had 10 spell levels left.
You didn't know any spells.
Your spell library was empty.

Dungeon Overview and Level Annotations

Branches:
Dungeon (9/15)             Temple (0/1) D:5             Orc (0/2) D:9
   Lair: D:8-11

Altars:
Ashenzari
Dithmenos
Elyvilon
Wu Jian
Yredelemnul
Zin
Beogh

Shops:
D:4 =

Annotations:
D:7 3 runed translucent doors, asdjio's ghost, novice OpTm


Innate Abilities, Weirdness & Mutations

You reflexively headbutt those who attack you in melee.
You have a pair of horns on your head.


Message History

The warg bites you!
* * * LOW HITPOINT WARNING * * *
You slice the warg!! You burn the warg.
You kill the warg!
Trog accepts your kill.
The orc warrior hits you from afar with a +6 trident.
* * * LOW HITPOINT WARNING * * *
You hit the orc warrior. You burn the orc warrior.
The orc warrior is lightly wounded.
You feel the effects of Trog's Hand fading.
The orc warrior hits you with a +0 war axe.
* * * LOW HITPOINT WARNING * * *
The orc warrior hits you from afar with a +6 trident.
* * * LOW HITPOINT WARNING * * *
You hit the orc warrior. You burn the orc warrior.
The orc warrior is moderately wounded.
The orc warrior hits you with a +0 war axe.
* * * LOW HITPOINT WARNING * * *
The orc warrior hits you from afar with a +6 trident!
You die...

..........# #######...........###
..........###..........##........
.......................##.....##.
..........###..........##.######.
..........##........#.......# #.
..........##........#...###.####.
...........#........#...##.......
....########8###.####.......##...
##[.#8.....#.# #@####..####.##.##
#####..##..#.###o#..........##...
#####..8#..#.o.oo#.#..........##.
#.#.#..##..#.o#oo..............#.
.#.##)...#.#o.#.##.#...........#'
#.#.#[...#.'o.#....#.....[.......
.#.##_.8.#.'..#....###########...
#.#.#[...#.o.......###...........
.#.##"...#.#.......#.............


You could see 3 orc warriors and 2 orcs.

Vanquished Creatures
  Erolcha (D:9)
  The ghost of 15bullets the Severer, a journeyman HOMo of the Shining One (D:9)
  Joseph (D:8)
  Maggie (D:6)
  A hippogriff (D:7)
  Grinder (D:6)
  10 yaks (D:9)
  A spriggan (D:7)
  A wyvern (D:9)
  Edmund (D:6)
  A warg (D:9)
  An acid dragon (D:9)
  2 sky beasts
  An orc warrior (D:8)
  3 ice beasts
  An eye of draining (D:9)
  3 ogres
  2 phantoms (D:9)
  3 centaurs
  A crocodile (D:7)
  A big kobold (D:8)
  5 bullfrogs
  A scorpion (D:4)
  4 killer bees (D:9)
  5 howler monkeys
  2 crimson imps
  2 centaur zombies
  4 orc wizards
  4 bullfrog skeletons
  5 orc priests
  The ghost of dscm the Ducker, a weakling FeEE (D:3)
  Crazy Yiuf (D:7)
  2 jellies
  A centaur skeleton (D:8)
  An iguana (D:5)
  3 worker ants
  A worker ant zombie (D:3)
  Robin (D:3)
  9 adders
  7 gnolls
  2 howler monkey skeletons
  3 shadow imps
  An adder zombie (D:7)
  4 worms
  A dart slug (D:3)
  3 leopard geckos
  33 orcs
  A ball python (D:1)
  8 giant cockroaches
  14 goblins
  6 hobgoblins
  11 jackals
  15 kobolds
  4 quokkas
  5 bats
  4 frilled lizards
  6 rats
  A fungus (D:7)
219 creatures vanquished.

Vanquished Creatures (others)
  A yak (D:9)
1 creature vanquished.

Grand Total: 220 creatures vanquished

Notes
Turn   | Place    | Note
-------+----------+-------------------------------------------
     0 | D:1      | nicanaca0 the Minotaur Berserker began the quest for the
                  | Orb.
     0 | D:1      | Reached XP level 1. HP: 19/19 MP: 0/0
   286 | D:1      | Reached skill level 4 in Axes
   486 | D:1      | Reached XP level 2. HP: 24/26 MP: 1/1
   855 | D:2      | Reached skill level 5 in Axes
  1018 | D:2      | Reached XP level 3. HP: 31/31 MP: 2/2
  1351 | D:2      | Reached ** piety under Trog
  1798 | D:3      | Reached XP level 4. HP: 39/39 MP: 3/3
  1800 | D:3      | Reached skill level 6 in Axes
  2216 | D:3      | Found a runed translucent gate.
  2217 | D:3      | Found a runed translucent gate.
  2218 | D:3      | Found a runed translucent gate.
  2220 | D:3      | Noticed dscm's ghost (weakling FeEE)
  2241 | D:3      | Killed dscm's ghost
  2247 | D:3      | Reached skill level 7 in Axes
  2247 | D:3      | Reached XP level 5. HP: 43/45 MP: 4/4
  2768 | D:3      | Noticed Robin
  2796 | D:3      | Reached *** piety under Trog
  2796 | D:3      | Reached XP level 6. HP: 43/52 MP: 5/5
  2797 | D:3      | Killed Robin
  3112 | D:3      | Reached skill level 8 in Axes
  3120 | D:3      | Found a faded altar of an unknown god.
  3474 | D:4      | Found Gemelo Wuef's Jewellery Shop.
  3677 | D:4      | Reached XP level 7. HP: 53/60 MP: 6/6
  3685 | D:4      | Reached skill level 5 in Fighting
  3806 | D:4      | Reached skill level 9 in Axes
  4324 | D:5      | Entered Level 5 of the Dungeon
  4637 | D:5      | Found a staircase to the Ecumenical Temple.
  4653 | D:5      | Reached **** piety under Trog
  4684 | D:5      | Found a basalt altar of Yredelemnul.
  4684 | D:5      | Found a shadowy altar of Dithmenos.
  4686 | D:5      | Found an ornate altar of the Wu Jian Council.
  4686 | D:5      | Found a shattered altar of Ashenzari.
  4688 | D:5      | Found a white marble altar of Elyvilon.
  4688 | D:5      | Found a glowing silver altar of Zin.
  5037 | D:6      | Noticed Grinder
  5041 | D:6      | Paralysed by Grinder for 3 turns
  5221 | D:6      | Killed Grinder
  5221 | D:6      | Reached skill level 10 in Axes
  5221 | D:6      | Reached skill level 5 in Armour
  5221 | D:6      | Reached XP level 8. HP: 70/70 MP: 7/7
  5394 | D:6      | Noticed Maggie
  5407 | D:6      | Killed Maggie
  5437 | D:6      | Noticed Edmund
  5444 | D:6      | Killed Edmund
  5594 | D:6      | Reached skill level 11 in Axes
  6149 | D:7      | Found a runed translucent gate.
  6149 | D:7      | Found a runed translucent gate.
  6149 | D:7      | Found a runed translucent gate.
  6231 | D:7      | Noticed a hippogriff
  6239 | D:7      | Killed a hippogriff
  6239 | D:7      | Reached XP level 9. HP: 58/79 MP: 8/8
  6819 | D:7      | Reached skill level 12 in Axes
  6954 | D:7      | Noticed asdjio's ghost (novice OpTm)
  7170 | D:7      | Found a runed translucent door.
  7171 | D:7      | Noticed Crazy Yiuf
  7181 | D:7      | Killed Crazy Yiuf
  7548 | D:8      | Noticed Joseph
  7555 | D:8      | Killed Joseph
  7902 | D:9      | Reached skill level 13 in Axes
  7907 | D:9      | Reached XP level 10. HP: 89/90 MP: 0/9
  8024 | D:9      | Found a staircase to the Orcish Mines.
  8556 | D:9      | Noticed Erolcha
  8571 | D:9      | Killed Erolcha
  8571 | D:9      | Reached skill level 14 in Axes
  8572 | D:9      | Reached skill level 10 in Fighting
  8937 | D:9      | Found a runed translucent gate.
  8938 | D:9      | Noticed 15bullets's ghost (journeyman HOMo)
  8939 | D:9      | Found a runed translucent gate.
  8939 | D:9      | Found a runed translucent gate.
  8939 | D:9      | Identified the +5 plate armour of the Gusle {*Drain Int+8
                  | Dex+6 Stlth-}
  8941 | D:9      | Found a roughly hewn altar of Beogh.
  9323 | D:9      | Killed 15bullets's ghost
  9323 | D:9      | Reached skill level 10 in Armour
  9323 | D:9      | Reached XP level 11. HP: 42/100 MP: 10/10
  9328 | D:9      | Mangled by an orc warrior

Illustrated notes

Levels and vault maps discovered:
D:1:      dpeg_arrival_snail, layout_loops_ring
D:2:      layout_loops_corners
D:3:      layout_loops_corners, chequers_ecumenical_altar_simple_redux,
          gammafunk_ghost_necromancy, st_stairs_6, uniq_robin
D:4:      layout_layer_cave, serial_shops, shop
D:5:      layout_rooms, grunt_temple_overflow_open, temple_fountains,
          first_ration, minmay_misc_feat_rugged
D:6:      layout_loops_ring, minmay_stone_trees_small, minmay_bent, uniq_maggie,
          uniq_edmund, uniq_grinder
D:7:      layout_basic, gammafunk_ghost_necromancy, the_bakery,
          uniq_crazy_yiuf_cottage
D:8:      layout_gridville, uniq_joseph
D:9:      layout_basic, david_orc_2, biasface_ghost_orc_armoury, uniq_erolcha

Skill      XL: |  1  2  3  4  5  6  7  8  9 10 |
---------------+-------------------------------+-----
Axes           | 4 5 7 8 10 11 13 14 | 14.7
Fighting       | 4 6 7 8 10 | 10.3
Armour         | 3 5 6 8 10 | 10.0
Dodging        | |  2.1

Action                   |  1- 3 |  4- 6 |  7- 9 | 10-12 || total
-------------------------+-------+-------+-------+-------++-------
Melee: Hand axe          |    88 |    34 |       |       ||   122
       Headbutt          |    12 |    27 |    43 |    28 ||   110
       War axe           |       |   103 |   239 |   103 ||   445
Throw: Dart              |       |       |     8 |       ||     8
Invok: Berserk           |       |     2 |       |       ||     2
       Trog's Hand       |       |     2 |     4 |     4 ||    10
Evoke: Wand              |       |       |     1 |       ||     1
  Use: Scroll            |       |     4 |    13 |       ||    17
  Eat: Chunk             |     3 |     4 |    16 |     4 ||    27
       Ration            |       |     1 |       |       ||     1
Armor: Leather armour    |    22 |     6 |       |       ||    28
       Chain mail        |       |    48 |    88 |       ||   136
       Swamp dragon scal |       |       |     2 |    25 ||    27
Dodge: Dodged            |    60 |    57 |    68 |    22 ||   207
Block: Buckler           |       |    11 |    15 |       ||    26
       Kite shield       |       |       |    31 |    30 ||    61
